 Dungeon Crawl Stone Soup version 0.19.4-9-g45fd643 (webtiles) character file.

82 amplicon the Sneak (level 4, 0/21 HPs)
             Began as a Vine Stalker Enchanter on Feb 18, 2017.
             Slain by an orc wizard
             ... wielding a +2 dagger of venom
              (5 damage)
             ... on level 3 of the Dungeon.
             The game lasted 00:17:43 (2845 turns).

amplicon the Sneak (Vine Stalker Enchanter)         Turns: 2845, Time: 00:17:44

Health: 0/21       AC:  4    Str: 11    XL:     4   Next: 43%
Magic:  0/9        EV: 12    Int: 16    God:
Gold:   121        SH:  0    Dex: 14    Spells: 3 memorised, 3 levels left

rFire  . . .     SeeInvis .     a - +1 dagger
rCold  . . .     Gourm    .     b - +2 robe
rNeg   . . .     Faith    .     (no shield)
rPois  .         Spirit   +     (no helmet)
rElec  .         Reflect  .     (no cloak)
rCorr  .         Harm     .     (no gloves)
MR     .....                    (no boots)
Stlth  +++.......               (no amulet)
                                (no ring)
                                (no ring)

@: lethally poisoned (0 -> -2)
A: fangs 2, regeneration 1, magic shield, antimagic bite, no device heal 3, rot
immunity
a: no special abilities


You were on level 3 of the Dungeon.
You were hungry.

You visited 1 branch of the dungeon, and saw 3 of its levels.

You collected 121 gold pieces.

Inventory:

Hand Weapons
 a - a +1 dagger (weapon)
 h - a +0 whip
 i - a +0 hunting sling
 l - a +0 quarterstaff
Missiles
 e - 6 curare-tipped needles
 s - 9 arrows
Armour
 b - a +2 robe (worn)
Jewellery
 r - an uncursed ring of flight
Scrolls
 o - a scroll of remove curse {unknown}
Potions
 g - a potion of curing
 j - a potion of flight {unknown}
 k - a potion of resistance {unknown}
 n - a potion of haste {unknown}
 p - a potion of ambrosia {unknown}
Books
 c - a book of Maledictions

   Spells                             Type                      Level
   a - Corona                         Hexes                        1
   b - Ensorcelled Hibernation        Hexes/Ice                    2
   c - Confuse                        Hexes                        3
   d - Tukima's Dance                 Hexes                        3
   e - Dazzling Spray                 Conjuration/Hexes            3
Comestibles
 d - a bread ration
 f - a meat ration
 q - 2 chunks of flesh


   Skills:
 - Level 0.8 Short Blades
 - Level 1.5 Dodging
 - Level 4.3 Stealth
 + Level 3.2 Spellcasting
 + Level 3.9 Hexes
 + Level 0.4 Ice Magic


You had 3 spell levels left.
You knew the following spells:

 Your Spells              Type           Power        Failure   Level  Hunger
a - Corona                Hex            ###....      4%          1    None
b - Ensorcelled Hibernat  Hex/Ice        #.....       14%         2    ##.....
c - Tukima's Dance        Hex            ###.....     12%         3    ###....


Dungeon Overview and Level Annotations

Branches:
Dungeon (3/15)

Altars:


Innate Abilities, Weirdness & Mutations

You have extremely sharp teeth.
Your natural rate of healing is unusually fast.
When hurt, damage is shared between your health and your magic reserves.
Your bite disrupts and absorbs the magic of your enemies.
Potions and wands cannot restore your health.
You are immune to rotting.


Message History

You hear some strange, mumbled words.
A magic dart appears from out of thin air!
The magic dart hits you!
You hit something but do no damage. Something hits you but does no damage.
You hit something but do no damage.
You hear some strange, mumbled words.
A puff of flame appears from out of thin air!
The puff of flame hits you!
You barely miss something. Something hits you but does no damage.
You are poisoned.
You hit something.
You feel sick. Something completely misses you.
You hit something. Your bite misses something.
You feel sick. Something hits you.
You are more poisoned.
You closely miss something. Something hits you.
* * * LOW HITPOINT WARNING * * *
As you read the scroll labeled WEESHR XOVVYLUT, it crumbles to dust.
It is a scroll of enchant armour.
Your +1 robe glows green for a moment.
You feel sick. Something hits you.
You die...

#.......# ###..#
#.....[.# #....#
#...$...#.##.#.##
#....)..#......# #
#...o)..####.### #s
#####[#%####.# ##.#
#.#..รท....#
#...#######...######
#.....@{o###.##
#...####.# #.# ####
#.# #[# #.###.#
#.....# #######


You could see an orc.

Vanquished Creatures
  3 adders (D:2)
  3 dart slugs
  A leopard gecko (D:3)
  A bat (D:1)
  A giant cockroach (D:1)
  5 goblins
  6 hobgoblins
  4 jackals (D:2)
  6 kobolds
  A quokka (D:2)
  A ball python (D:2)
  5 frilled lizards
  8 rats
45 creatures vanquished.

Vanquished Creatures (collateral kills)
  An orc (D:3)
  A kobold (D:3)
2 creatures vanquished.

Vanquished Creatures (others)
  A dancing weapon (D:3)
1 creature vanquished.

Grand Total: 48 creatures vanquished

Notes
Turn   | Place    | Note
-------+----------+-------------------------------------------
     0 | D:1      | amplicon the Vine Stalker Enchanter began the quest for the Orb.
     0 | D:1      | Reached XP level 1. HP: 9/9 MP: 4/4
   216 | D:1      | Reached XP level 2. HP: 13/13 MP: 4/6
   233 | D:1      | Learned a level 2 spell: Ensorcelled Hibernation
   527 | D:1      | Reached skill level 4 in Stealth
  1162 | D:1      | Reached XP level 3. HP: 16/16 MP: 7/7
  2378 | D:2      | Learned a level 3 spell: Tukima's Dance
  2544 | D:2      | Gained mutation: Your natural rate of healing is unusually fast. [Vine Stalker growth]
  2544 | D:2      | Reached XP level 4. HP: 21/21 MP: 6/9
  2845 | D:3      | Slain by an orc wizard

Skill      XL: |  1  2  3 |
---------------+----------+-----
Stealth        | 4 |  4.3
Spellcasting   | 3 |  3.2
Short Blades   | |  0.8
Dodging        | |  1.5
Hexes          | |  3.9
Ice Magic      | |  0.4

Action                   |  1- 3 |  4- 6 || total
-------------------------+-------+-------++-------
Melee: Dagger            |    99 |    37 ||   136
       Bite              |    19 |     6 ||    25
 Cast: Corona            |    11 |     3 ||    14
       Ensorcelled Hiber |    13 |     4 ||    17
       Tukima's Dance    |       |     4 ||     4
  Use: Scroll            |     2 |     2 ||     4
       Potion            |       |     1 ||     1
 Stab: Sleeping          |    12 |     2 ||    14
  Eat: Chunk             |     1 |     1 ||     2
       Meat ration       |     1 |       ||     1
Armor: Robe              |    15 |     8 ||    23
Dodge: Dodged            |    49 |    11 ||    60
